 Dungeon Crawl Stone Soup version 0.17-a0-1378-g281efdd (webtiles) character file.

8481 Gorice the Grappler (level 11, 0/79 HPs)
             Began as a Ghoul Wanderer on June 14, 2015.
             Was an Initiate of Sif Muna.
             Slain by a two-headed ogre
             ... wielding a +0 giant club
             ... led by an ogre mage
              (17 damage)
             ... on level 9 of the Dungeon.
             The game lasted 01:05:49 (11508 turns).

Gorice the Grappler (Ghoul Wanderer)               Turns: 11508, Time: 01:05:50

Health: 0/79       AC: 18    Str: 17    XL:     11   Next: 31%
Magic:  10/10      EV:  5    Int: 13    God:    Sif Muna [......]
Gold:   251        SH:  0    Dex:  7    Spells: 0 memorised, 10 levels left

rFire  . . .     SeeInvis .       - Unarmed
rCold  + . .     Clarity  .     M - +0 plate armour
rNeg   + + +     SustAt   .     (no shield)
rPois  ∞         Gourm    .     L - +1 helmet
rElec  .         Spirit   .     (no cloak)
rCorr  .         Warding  .     (no gloves)
rMut   .         Stasis   .     q - +2 pair of boots
MR     .....                    (no amulet)
Stlth  ..........               (no ring)
                                N - +2 ring of intelligence

@: confused, rotting, not resistant to hostile enchantments, extremely
unstealthy
A: rotting body, claws 1, carnivore 3, cold resistance 1, negative energy
resistance 3, slow healing 1, torment resistance, unbreathing
a: Renounce Religion


You were on level 9 of the Dungeon.
You worshipped Sif Muna.
Sif Muna was noncommittal.
You were not hungry.

You visited 3 branches of the dungeon, and saw 12 of its levels.

You collected 469 gold pieces.
You spent 218 gold pieces at shops.

Inventory:

Hand weapons
 b - a +1 hunting sling
 d - a +2 mace
 k - a +0 arbalest
 s - a +0 short sword
 v - a +0 dagger of venom
   (You found it on level 5 of the Dungeon)
 B - a +0 blowgun
 Y - a +0 dagger of electrocution
   (You took it off an orc on level 1 of the Orcish Mines)
Missiles
 f - 86 bolts
 i - 19 bolts of flame
 m - 10 tomahawks
 n - 38 poisoned needles
 o - 13 sling bullets
 t - 11 silver sling bullets
 O - 4 javelins of penetration (quivered)
 W - 2 javelins
 Z - 353 stones
Armour
 c - a +0 buckler
 l - a +0 chain mail
 q - a +2 pair of boots (worn)
 I - the +0 chain mail "Zaq Tirhe" {*Contam rElec rCorr Dex+2}
   (You bought it in a shop on level 7 of the Dungeon)

   It affects your dexterity (+2).
   It insulates you from electricity.
   It causes magical contamination when unequipped.
   It protects you from acid and corrosion.
 J - a +2 robe of magic resistance
   (You took it off an orc wizard on level 7 of the Dungeon)
 L - a +1 helmet (worn)
 M - a +0 plate armour (worn)
Magical staves
 A - an uncursed staff of fire
 X - an uncursed staff of earth
Jewellery
 N - a +2 ring of intelligence (left claw)
Magical devices
 p - a wand of fire (5)
 z - a wand of cold (8)
 D - a wand of frost (6)
 S - a wand of heal wounds (7) {!d}
 V - a wand of flame (38)
Scrolls
 a - 2 scrolls of blinking
 j - 2 scrolls of remove curse
 r - a scroll of immolation {!r}
 y - a scroll of enchant weapon
 E - 4 scrolls of teleportation {!r}
 G - a scroll of recharging
 H - a scroll of noise {!r}
 R - a scroll of enchant armour
Potions
 g - a potion of heal wounds {!q}
 h - 4 potions of brilliance {!q}
 x - 2 potions of magic {!q}
 F - a potion of agility {!q}
 K - 2 potions of curing
 P - a potion of ambrosia {unknown}
 Q - a potion of resistance {!q}
 T - a potion of haste {unknown}
Books
 u - a book of Cantrips
Comestibles
 e - 4 meat rations {!e}
 w - 3 slices of pizza
 C - 3 beef jerkies
 U - 2 chunks of flesh


   Skills:
 - Level 2.1 Fighting
 - Level 2.6 Maces & Flails
   Level 1.0 Polearms
 - Level 1.0 Throwing
 + Level 7.0 Armour
 - Level 1.1 Stealth
 - Level 6.0 Shields
 * Level 14.5 Unarmed Combat


You had 10 spell levels left.
You didn't know any spells.

Dungeon Overview and Level Annotations

Branches:
Dungeon (10/15)            Temple (1/1) D:7            Lair (0/8) D:10
    Orc (1/4) D:10

Altars:
Ashenzari
Cheibriados
Dithmenos
Elyvilon
Fedhas
Gozag
Kikubaaqudgha
Makhleb
Nemelex Xobeh
Okawaru
Qazlal
Ru
Sif Muna
Trog
Vehumet
Yredelemnul
Zin
The Shining One
Beogh

Shops:
D:4 =(((   D:7 %(=[   D:9 =   Orc:1 (

Annotations:
D:6 North's ghost, experienced MiFi
D:8 asdu's ghost, experienced VSWn


Innate Abilities, Weirdness & Mutations

Your body is rotting away.
You thrive on raw meat.
You are immune to poison.
You have sharp fingernails.
You are carnivorous and can eat meat at any time.
Your flesh is cold resistant.
You are immune to negative energy.
You heal slowly when monsters are visible.
You are immune to unholy pain and torment.
You can survive without breathing.


Message History

The ogre mage hits you but does no damage.
The two-headed ogre hits you but does no damage. x2
You climb upwards.
There is a stone staircase leading down here.
You mangle the ogre mage!!
The ogre mage begins to bleed from its wounds!
The ogre mage is moderately wounded.
The ogre mage casts a spell at the two-headed ogre.
The two-headed ogre seems to speed up.
You claw the ogre mage!
The ogre mage is heavily wounded.
The two-headed ogre hits you but does no damage. x2
The ogre mage gestures at you while chanting.
You resist with significant effort.
You claw the ogre mage!
The ogre mage is severely wounded.
The two-headed ogre hits you with a giant club.
The two-headed ogre hits you with a giant club!
Damage: 21 (max 21)
You barely miss the ogre mage.
The ogre mage is severely wounded.
The ogre mage barely misses you.
The two-headed ogre hits you with a giant club.
The two-headed ogre completely misses you.
Damage: 4 (max 21)
You barely miss the ogre mage.
The ogre mage is severely wounded.
The ogre mage gestures at you while chanting.
You are confused.
The two-headed ogre barely misses you.
The two-headed ogre hits you with a giant club.
Damage: 1 (max 21) Unknown command.
Unknown command.
You barely miss the ogre mage.
The ogre mage is almost dead.
The ogre mage gestures wildly while chanting.
The ogre mage flickers and vanishes!
Deactivating autopickup; reactivate with Ctrl-A.
The two-headed ogre hits you with a giant club!
The two-headed ogre hits you but does no damage.
Damage: 15 (max 21)
You completely miss something.
Unknown command.
The two-headed ogre barely misses you.
The two-headed ogre hits you but does no damage.
The two-headed ogre hits you with a giant club!
* * * LOW HITPOINT WARNING * * *
The two-headed ogre hits you with a giant club!
You die...

...........#......#.# #.####
...........#......#.# #....#
...........#......'.# #....#
...........#......#.########....#
...........#......#.............#
...........#......#.######......#
...........#......#.# #......#
...........#...){.#.# #......#
####.####..#....@O#.# #......#
........#..#......#.######......#
........#..#......#.............#
........#..###'.###.............#
........#.......................#
###.....#.......................#
..#.....#.......................#
..#.....####..............#######
..#......).'..............#


You could see a two-headed ogre.

Vanquished Creatures
  The ghost of xgamer67 the Spear-Bearer, an experienced MfIE of Okawaru (D:10)
  Urug (D:10)
  2 trolls
  A two-headed ogre (D:9)
  9 yaks
  A wyvern (D:8)
  2 hippogriffs
  A hungry ghost (D:7)
  2 water moccasins
  2 ice beasts
  A warg (Orc:1)
  2 sky beasts
  A black bear (D:9)
  3 centaurs
  4 ogres
  6 orc warriors
  2 phantoms
  9 giant frogs
  4 scorpions
  6 killer bees
  7 hounds
  7 crimson imps
  2 giant frog zombies
  A giant frog skeleton (D:4)
  2 jellies
  13 orc wizards
  A centaur skeleton (D:6)
  7 orc priests
  7 iguanas
  4 worker ants
  2 hound skeletons
  A worker ant zombie (D:6)
  A white imp (D:4)
  3 adders
  4 gnolls
  2 shadow imps (D:6)
  2 oozes
  2 adder skeletons (D:7)
  3 worms
  5 giant geckos
  54 orcs
  9 bats
  2 bat zombies (D:5)
  5 giant cockroaches
  9 goblins
  13 hobgoblins
  15 jackals
  16 kobolds
  3 ball pythons
  A ball python skeleton (D:5)
  A giant gecko skeleton (D:4)
  4 giant newts
  2 goblin skeletons (D:4)
  2 goblin zombies (D:4)
  3 hobgoblin zombies (D:4)
  A kobold zombie (D:4)
  An orc zombie (D:4)
  4 quokkas
  3 quokka skeletons
  7 rats
  A rat zombie (D:5)
292 creatures vanquished.

Vanquished Creatures (others)
  An orc wizard (D:8)
  An adder (D:8)
2 creatures vanquished.

Grand Total: 294 creatures vanquished

Notes
Turn   | Place    | Note
--------------------------------------------------------------
     0 | D:1      | Gorice the Ghoul Wanderer began the quest for the Orb.
     0 | D:1      | Gorice set off with: a +2 mace, a +0 short sword, a +0 buckler, a +0 robe, a meat ration {!e}
     0 | D:1      | Reached XP level 1. HP: 17/17 MP: 0/0
    19 | D:1      | Found a shattered altar of Ashenzari.
   145 | D:1      | Reached skill level 1 in Unarmed Combat
   224 | D:1      | Reached XP level 2. HP: 24/24 MP: 1/1
   294 | D:1      | Reached skill level 2 in Unarmed Combat
   509 | D:1      | Reached XP level 3. HP: 29/29 MP: 2/2
   756 | D:2      | Found a sacrificial altar of Ru.
  1587 | D:3      | Reached skill level 2 in Shields
  1607 | D:3      | Found a faded altar to an unknown god.
  1633 | D:3      | Became a worshipper of Sif Muna the Loreminder
  1633 | D:3      | Acquired Sif Muna's first power
  1661 | D:3      | Reached XP level 4. HP: 36/36 MP: 3/3
  1707 | D:3      | Found a shadowy altar of Dithmenos.
  1749 | D:3      | Found a white marble altar of Elyvilon.
  1789 | D:3      | Reached skill level 3 in Unarmed Combat
  1836 | D:3      | Found an iron altar of Okawaru.
  1988 | D:3      | Noticed a phantom
  2062 | D:3      | Killed a phantom
  2062 | D:3      | Reached skill level 4 in Unarmed Combat
  2062 | D:3      | Reached XP level 5. HP: 17/40 MP: 4/4
  2068 | D:3      | HP: 12/40 [worm (6)]
  2929 | D:4      | Found Aseum's Weapon Shop.
  3042 | D:4      | Reached skill level 3 in Shields
  3042 | D:4      | Reached XP level 6. HP: 36/48 MP: 5/5
  3059 | D:4      | Found a glowing golden altar of the Shining One.
  3079 | D:4      | Noticed a phantom
  3170 | D:4      | Killed a phantom
  3170 | D:4      | Reached skill level 5 in Unarmed Combat
  3220 | D:4      | Found Giurye's Weapon Emporium.
  3773 | D:4      | Found Xususext's Antique Weapon Shoppe.
  3899 | D:4      | Found Tikkaik's Jewellery Boutique.
  3955 | D:5      | Entered Level 5 of the Dungeon
  4012 | D:5      | Reached skill level 6 in Unarmed Combat
  4012 | D:5      | Reached XP level 7. HP: 45/55 MP: 6/6
  4189 | D:5      | Reached skill level 4 in Shields
  4328 | D:5      | Reached skill level 7 in Unarmed Combat
  4452 | D:5      | Found an ancient bone altar of Kikubaaqudgha.
  4737 | D:5      | Reached XP level 8. HP: 61/61 MP: 7/7
  4899 | D:5      | Reached skill level 8 in Unarmed Combat
  4966 | D:5      | Reached skill level 5 in Shields
  5290 | D:6      | Noticed North's ghost (experienced MiFi)
  5848 | D:6      | Reached skill level 9 in Unarmed Combat
  6064 | D:6      | Reached XP level 9. HP: 62/67 MP: 8/8
  6438 | D:7      | Found a staircase to the Ecumenical Temple.
  6463 | Temple   | Entered the Ecumenical Temple
  6593 | D:7      | Reached skill level 6 in Shields
  6619 | D:7      | Reached skill level 10 in Unarmed Combat
  6714 | D:7      | Found a shattered altar of Ashenzari.
  6950 | D:7      | Found Hucatoffuu's Antique Armour Shop.
  6978 | D:7      | Reached skill level 2 in Armour
  6983 | D:7      | Bought a fine chain mail for 218 gold pieces
  6993 | D:7      | Identified the cursed +0 chain mail "Zaq Tirhe" {*Contam rElec rCorr Dex+2} (You bought it in a shop on level 7 of the Dungeon)
  7028 | D:7      | Found Miuf's Jewellery Boutique.
  7252 | D:7      | Found Naucappy's Food Boutique.
  7285 | D:7      | Reached skill level 11 in Unarmed Combat
  7309 | D:7      | Found Goxomuof's Weapon Shop.
  7338 | D:7      | Found a snail-covered altar of Cheibriados.
  7540 | D:7      | Reached skill level 3 in Armour
  7658 | D:8      | Found a white marble altar of Elyvilon.
  8037 | D:8      | Noticed asdu's ghost (experienced VSWn)
  8202 | D:8      | Found a deep blue altar of Sif Muna.
  8224 | D:8      | Reached skill level 4 in Armour
  8323 | D:8      | Found a stormy altar of Qazlal.
  8355 | D:8      | Found a sparkling altar of Nemelex Xobeh.
  8413 | D:7      | Reached XP level 10. HP: 73/73 MP: 9/9
  8462 | D:8      | Reached skill level 12 in Unarmed Combat
  9321 | D:9      | Reached skill level 5 in Armour
  9619 | D:9      | Found Xyague's Jewellery Boutique.
 10039 | D:9      | Reached skill level 13 in Unarmed Combat
 10101 | D:10     | Entered Level 10 of the Dungeon
 10163 | D:9      | HP: 20/73 [yak (4)]
 10303 | D:10     | Found a staircase to the Orcish Mines.
 10345 | D:10     | Noticed xgamer67's ghost (experienced MfIE)
 10459 | D:10     | Noticed Urug
 10483 | D:10     | Killed Urug
 10483 | D:10     | Reached skill level 6 in Armour
 10686 | D:10     | Got a brightly glowing leather armour
 10697 | D:10     | Identified the cursed +1 leather armour of Beogh's Displeasure {+Inv} (You found it on level 10 of the Dungeon)
 10787 | D:10     | Found a staircase to the Lair.
 10823 | D:10     | Reached XP level 11. HP: 70/79 MP: 10/10
 10840 | D:10     | Reached skill level 14 in Unarmed Combat
 11265 | Orc:1    | Entered Level 1 of the Orcish Mines
 11265 | Orc:1    | Found a roughly hewn altar of Beogh.
 11331 | Orc:1    | HP: 23/79 [orc (3)]
 11372 | Orc:1    | Found Exife's Weapon Shoppe.
 11434 | D:10     | Killed xgamer67's ghost
 11434 | D:10     | Reached skill level 7 in Armour
 11457 | D:10     | Noticed an ogre mage
 11508 | D:9      | HP: 17/79 [two-headed ogre/giant club[an ogre mage] (13)]
 11508 | D:9      | Slain by a two-headed ogre

Vault maps used:
D:1:      mrwooster_arrival_statue_3, ashenzari_altar_1
D:2:      nicolae_ru_sacrificial_ziggurat
D:3:      elyvilon_altar_3, okawaru_trees_2, ecumenical_altar_1,
          nicolae_dithmenos_shadow_blocks
D:4:      nicolae_tso_besieged_by_evil, serial_shops, nicolae_shop_stone,
          shop_statue, kennysheep_mini, shop_statue, first_bread
D:5:      lemuel_zombie_altar_kikubaaqudgha
D:6:      kennysheep_generic_room_2
D:7:      lemuel_coloured_pillars_altar, kennysheep_little_box,
          minmay_temple_entry_purple_smoke, serial_shops, nicolae_shop_crystal,
          nicolae_shop_scaring_up_business, shop, shop
D:8:      overflow_temple_1_default, led_sif_book, nemelex_altar_shiori,
          basic_altar
D:9:      xom_shifter_show, serial_shops, nicolae_shop_stone
D:10:     lair_0_dummy, orc_0_dummy, uniq_urug
Temple:   circular_temple_pool_8
Orc:1:    serial_shops, shop_statue, basic_altar, mines2_david

Action                   |  1- 3 |  4- 6 |  7- 9 | 10-12 || total
-------------------------+-------+-------+-------+-------++-------
Melee: Mace              |    94 |       |       |       ||    94
       Unarmed           |    40 |   286 |   579 |   444 ||  1349
 Fire: Hunting sling     |       |    62 |     4 |     5 ||    71
       Blowgun           |       |       |       |     3 ||     3
Throw: Stone             |       |     5 |       |       ||     5
       Tomahawk          |       |       |       |     5 ||     5
       Javelin           |       |       |       |     3 ||     3
Evoke: Wand              |       |       |       |     4 ||     4
  Use: Scroll            |     6 |     9 |     8 |     3 ||    26
  Eat: Chunk             |    10 |    11 |    62 |    46 ||   129

Table legend:
 A = Turns spent in this place as a percentage of turns spent in the entire game.
 B = Non-inter-level travel turns spent in this place as a percentage of non-inter-level travel turns spent in the entire game.
 C = Inter-level travel turns spent in this place as a percentage of turns spent in this place.
 D = Turns resting spent in this place as a percentage of non-inter-level travel turns spent in this place.
 E = Turns spent auto-exploring this place as a percentage of non-inter-level travel turns spent in this place.
 F = Non-inter-level travel turns spent in this place divided by the number of levels of this place that you've seen.
                   A       B       C       D       E      F
               +-------+-------+-------+-------+-------+----------------------
         Total | 100.0 | 100.0 |   0.6 |   0.9 |   4.7 | 405.8
       Dungeon |  98.0 |  98.0 |   0.6 |   0.9 |   4.7 | 477.3
        Temple |   0.2 |   0.2 |   9.1 |   0.0 |  70.0 |  10.0
  Orcish Mines |   1.8 |   1.8 |   2.3 |   0.0 |   2.3 |  86.0
               +-------+-------+-------+-------+-------+----------------------

Vault maps used:
D:1:      mrwooster_arrival_statue_3, ashenzari_altar_1
D:2:      nicolae_ru_sacrificial_ziggurat
D:3:      elyvilon_altar_3, okawaru_trees_2, ecumenical_altar_1,
          nicolae_dithmenos_shadow_blocks
D:4:      nicolae_tso_besieged_by_evil, serial_shops, nicolae_shop_stone,
          shop_statue, kennysheep_mini, shop_statue, first_bread
D:5:      lemuel_zombie_altar_kikubaaqudgha
D:6:      kennysheep_generic_room_2
D:7:      lemuel_coloured_pillars_altar, kennysheep_little_box,
          minmay_temple_entry_purple_smoke, serial_shops, nicolae_shop_crystal,
          nicolae_shop_scaring_up_business, shop, shop
D:8:      overflow_temple_1_default, led_sif_book, nemelex_altar_shiori,
          basic_altar
D:9:      xom_shifter_show, serial_shops, nicolae_shop_stone
D:10:     lair_0_dummy, orc_0_dummy, uniq_urug
Temple:   circular_temple_pool_8
Orc:1:    serial_shops, shop_statue, basic_altar, mines2_david
